[ PARTIDA AOE2 · #481536497 ]
1v1 RMMagiares vs Ethiopians
Equipo del jugador · VICT
Equipo rival · DERR
[ ANÁLISIS DE REPETICIÓN · EXTRAÍDO DE LA PARTIDA GRABADA ]
Feudal
9:08
Castillos
19:50
Imperial
34:25
| APM promedio | 38.1 |
| APM pico | 83 |
| eAPM promedio | 20.3 |
| Aldeanos / militares | 181 / 407 |
Foco
⚔️ 40.1% · 🌾 59.9%
Scout Cavalry ×186 · Cavalry Archer ×100 · Knight ×47 · Skirmisher ×28 · Magyar Huszar ×22 · Battering Ram ×14
Feudal
10:41
Castillos
21:50
Imperial
37:47
| APM promedio | 39.6 |
| APM pico | 95 |
| eAPM promedio | 22.9 |
| Aldeanos / militares | 147 / 441 |
Foco
⚔️ 33.0% · 🌾 67.0%
Skirmisher ×132 · Camel Scout ×129 · Scout Cavalry ×89 · Archer ×64 · Shotel Warrior ×10 · Trebuchet (Packed) ×9
Mapa de la partida
Recursos al inicio + cada clic de construcción. Línea gruesa = muro · recuadro discontinuo = muro de casas detectado. 🟡 oro · ⚪ piedra · 🟢 bayas · 🔶 jabalí · ⭕ reliquia
Inputs por minuto
— Shadyferonia - - Schlechter Spieler
Build order — Shadyferonia
Primeras 150 de 636 acciones detectadas
| 0:01 | Crear | Villager (Male) |
| 0:01 | Crear | Villager (Male) |
| 0:02 | Construir | House |
| 0:04 | Construir | House |
| 0:07 | Crear | Villager (Male) |
| 0:08 | Crear | Villager (Male) |
| 1:39 | Crear | Villager (Male) |
| 1:48 | Construir | Lumber Camp |
| 2:02 | Crear | Villager (Male) |
| 2:03 | Crear | Villager (Male) |
| 2:15 | Crear | Villager (Male) |
| 2:48 | Crear | Villager (Male) |
| 2:48 | Crear | Villager (Male) |
| 3:03 | Crear | Villager (Male) |
| 3:41 | Crear | Villager (Male) |
| 3:54 | Construir | House |
| 4:00 | Crear | Villager (Male) |
| 4:00 | Crear | Villager (Male) |
| 4:17 | Construir | Mill |
| 4:22 | Crear | Villager (Male) |
| 4:22 | Crear | Villager (Male) |
| 4:57 | Crear | Villager (Male) |
| 5:32 | Crear | Villager (Male) |
| 5:48 | Crear | Villager (Male) |
| 5:49 | Crear | Villager (Male) |
| 6:02 | Investigar | Loom |
| 6:58 | Investigar | Feudal Age |
| 7:16 | Construir | Barracks |
| 8:21 | Construir | House |
| 8:56 | Construir | Mill |
| 9:08 | Edad | Edad Feudal |
| 9:12 | Construir | Archery Range |
| 9:18 | Crear | Villager (Male) |
| 9:18 | Crear | Villager (Male) |
| 9:20 | Investigar | Double-Bit Axe |
| 9:46 | Crear | Villager (Male) |
| 9:58 | Crear | Archer |
| 9:58 | Crear | Villager (Male) |
| 10:07 | Crear | Villager (Male) |
| 10:12 | Construir | Mining Camp |
| 10:19 | Crear | Villager (Male) |
| 10:31 | Crear | Villager (Male) |
| 10:35 | Crear | Skirmisher |
| 10:43 | Construir | House |
| 10:55 | Construir | House |
| 11:18 | Crear | Skirmisher |
| 11:28 | Crear | Villager (Male) |
| 11:30 | Construir | Farm |
| 11:41 | Crear | Skirmisher |
| 12:04 | Crear | Archer |
| 12:08 | Construir | House |
| 12:29 | Construir | Farm |
| 12:29 | Construir | Farm |
| 12:30 | Construir | Farm |
| 12:32 | Construir | Farm |
| 12:35 | Crear | Villager (Male) |
| 12:54 | Crear | Villager (Male) |
| 12:55 | Crear | Archer |
| 12:55 | Crear | Archer |
| 13:02 | Construir | Farm |
| 13:13 | Construir | Palisade Wall |
| 13:15 | Construir | Palisade Wall |
| 13:18 | Construir | Palisade Wall |
| 13:20 | Construir | Palisade Wall |
| 13:21 | Crear | Villager (Male) |
| 13:22 | Crear | Archer |
| 13:45 | Crear | Archer |
| 13:48 | Crear | Skirmisher |
| 13:51 | Construir | Farm |
| 13:53 | Construir | Farm |
| 14:05 | Construir | Farm |
| 14:06 | Crear | Villager (Male) |
| 14:14 | Construir | Palisade Wall |
| 14:18 | Construir | House |
| 14:40 | Crear | Villager (Male) |
| 14:42 | Crear | Archer |
| 14:45 | Crear | Skirmisher |
| 14:48 | Construir | House |
| 14:56 | Construir | Farm |
| 15:03 | Crear | Villager (Male) |
| 15:12 | Crear | Villager (Male) |
| 15:18 | Construir | Farm |
| 15:19 | Crear | Villager (Male) |
| 15:22 | Construir | House |
| 15:30 | Construir | Building 800 |
| 15:32 | Crear | Villager (Male) |
| 15:54 | Crear | Skirmisher |
| 16:19 | Crear | Villager (Male) |
| 16:26 | Construir | Blacksmith |
| 16:28 | Construir | Palisade Wall |
| 16:38 | Crear | Villager (Male) |
| 16:47 | Construir | House |
| 17:10 | Investigar | Castle Age |
| 17:31 | Crear | Skirmisher |
| 17:31 | Crear | Skirmisher |
| 17:47 | Construir | Archery Range |
| 17:54 | Investigar | Fletching |
| 18:08 | Construir | Farm |
| 18:10 | Construir | Farm |
| 18:10 | Construir | Farm |
| 18:10 | Construir | Farm |
| 18:11 | Construir | Farm |
| 18:16 | Crear | Skirmisher |
| 18:22 | Investigar | Padded Archer Armor |
| 18:58 | Crear | Skirmisher |
| 18:58 | Crear | Skirmisher |
| 19:01 | Construir | Farm |
| 19:03 | Construir | Farm |
| 19:12 | Crear | Skirmisher |
| 19:12 | Crear | Skirmisher |
| 19:15 | Investigar | Horse Collar |
| 19:50 | Edad | Edad de los Castillos |
| 19:51 | Crear | Villager (Male) |
| 19:51 | Crear | Villager (Male) |
| 20:02 | Investigar | Elite Skirmisher (upgrade) |
| 20:15 | Investigar | Bodkin Arrow |
| 20:22 | Crear | Skirmisher |
| 20:23 | Crear | Skirmisher |
| 20:32 | Construir | Farm |
| 20:35 | Construir | Farm |
| 20:42 | Crear | Villager (Male) |
| 20:52 | Crear | Villager (Male) |
| 21:11 | Crear | Villager (Male) |
| 21:37 | Crear | Villager (Male) |
| 21:49 | Construir | Town Center |
| 21:50 | Crear | Villager (Male) |
| 21:51 | Investigar | Bow Saw |
| 21:57 | Crear | Skirmisher |
| 22:09 | Investigar | Leather Archer Armor |
| 22:19 | Crear | Skirmisher |
| 22:20 | Crear | Skirmisher |
| 22:29 | Crear | Skirmisher |
| 22:30 | Crear | Skirmisher |
| 22:56 | Crear | Skirmisher |
| 22:56 | Crear | Skirmisher |
| 22:57 | Crear | Villager (Male) |
| 23:12 | Crear | Skirmisher |
| 23:13 | Crear | Skirmisher |
| 23:16 | Construir | Farm |
| 23:23 | Construir | Farm |
| 23:23 | Crear | Villager (Male) |
| 23:24 | Crear | Villager (Male) |
| 23:35 | Crear | Villager (Male) |
| 23:46 | Construir | Farm |
| 23:48 | Construir | Farm |
| 23:54 | Construir | House |
| 24:11 | Investigar | Wheelbarrow |
| 24:11 | Investigar | Wheelbarrow |
| 24:17 | Construir | Farm |
| 24:21 | Construir | House |
Build order — Schlechter Spieler
Primeras 150 de 517 acciones detectadas
| 0:02 | Construir | House |
| 0:03 | Construir | House |
| 0:04 | Crear | Villager (Male) ×4 |
| 1:28 | Crear | Villager (Male) |
| 1:29 | Investigar | Loom |
| 1:51 | Construir | Lumber Camp |
| 2:08 | Crear | Villager (Male) |
| 2:58 | Crear | Villager (Male) |
| 3:03 | Crear | Villager (Male) |
| 3:34 | Crear | Villager (Male) |
| 4:22 | Construir | House |
| 4:25 | Construir | Mill |
| 4:31 | Crear | Villager (Male) |
| 4:38 | Crear | Villager (Male) |
| 4:39 | Crear | Villager (Male) |
| 5:01 | Construir | House |
| 5:02 | Construir | Palisade Wall |
| 5:06 | Crear | Villager (Male) |
| 5:11 | Construir | Palisade Wall |
| 6:08 | Crear | Villager (Male) |
| 6:15 | Construir | Palisade Wall |
| 6:20 | Crear | Villager (Male) |
| 6:44 | Construir | Palisade Wall |
| 6:45 | Construir | House |
| 6:51 | Crear | Villager (Male) |
| 7:21 | Crear | Villager (Male) |
| 7:58 | Crear | Villager (Male) |
| 8:02 | Construir | House |
| 8:05 | Construir | Palisade Wall |
| 8:22 | Construir | Barracks |
| 8:31 | Investigar | Feudal Age |
| 8:31 | Investigar | Feudal Age |
| 8:38 | Construir | Mining Camp |
| 8:50 | Crear | Villager (Male) |
| 9:23 | Construir | Palisade Wall |
| 9:26 | Construir | Palisade Wall |
| 10:09 | Crear | Villager (Male) |
| 10:41 | Edad | Edad Feudal |
| 10:44 | Construir | Archery Range |
| 10:48 | Construir | Blacksmith |
| 10:51 | Construir | Palisade Wall |
| 11:02 | Crear | Spearman |
| 11:14 | Crear | Villager (Male) |
| 11:24 | Investigar | Double-Bit Axe |
| 11:30 | Construir | Lumber Camp |
| 11:35 | Crear | Villager (Male) |
| 11:35 | Crear | Villager (Male) |
| 11:37 | Investigar | Fletching |
| 11:41 | Crear | Archer |
| 12:04 | Crear | Archer |
| 12:05 | Crear | Archer |
| 12:34 | Construir | Archery Range |
| 12:37 | Crear | Archer |
| 12:40 | Investigar | Padded Archer Armor |
| 12:45 | Construir | Farm |
| 12:55 | Construir | Farm |
| 12:57 | Crear | Villager (Male) |
| 12:57 | Crear | Villager (Male) |
| 13:01 | Construir | Farm |
| 13:23 | Construir | Farm |
| 13:25 | Crear | Villager (Male) |
| 13:28 | Construir | Farm |
| 13:34 | Construir | Farm |
| 13:37 | Construir | Farm |
| 13:49 | Crear | Skirmisher |
| 13:50 | Crear | Skirmisher |
| 14:05 | Construir | House |
| 14:08 | Construir | House |
| 14:15 | Construir | Farm |
| 14:16 | Crear | Villager (Male) |
| 14:24 | Crear | Archer |
| 14:41 | Crear | Archer |
| 14:58 | Crear | Skirmisher |
| 14:59 | Crear | Villager (Male) |
| 15:00 | Crear | Villager (Male) |
| 15:03 | Construir | Farm |
| 15:04 | Construir | Farm |
| 15:09 | Construir | Farm |
| 15:28 | Crear | Skirmisher |
| 15:30 | Crear | Villager (Male) |
| 15:32 | Construir | Farm |
| 15:49 | Construir | Farm |
| 15:50 | Construir | Farm |
| 15:50 | Construir | Farm |
| 15:56 | Crear | Villager (Male) |
| 15:58 | Construir | House |
| 16:08 | Crear | Archer |
| 16:09 | Crear | Archer |
| 16:33 | Crear | Archer |
| 16:35 | Construir | Farm |
| 16:40 | Construir | Farm |
| 16:42 | Crear | Villager (Male) |
| 16:54 | Crear | Archer |
| 16:56 | Crear | Skirmisher |
| 16:56 | Crear | Skirmisher |
| 17:09 | Crear | Villager (Male) |
| 17:38 | Crear | Villager (Male) |
| 17:40 | Crear | Villager (Male) |
| 17:49 | Construir | Market |
| 17:58 | Crear | Archer |
| 17:58 | Crear | Archer |
| 18:18 | Crear | Villager (Male) |
| 18:21 | Construir | House |
| 18:23 | Construir | House |
| 19:10 | Investigar | Castle Age |
| 19:10 | Investigar | Castle Age |
| 19:35 | Investigar | Horse Collar |
| 19:35 | Investigar | Horse Collar |
| 19:58 | Crear | Skirmisher |
| 19:58 | Crear | Skirmisher |
| 20:20 | Crear | Skirmisher |
| 20:20 | Crear | Skirmisher |
| 20:34 | Investigar | Gold Mining |
| 20:48 | Construir | Stable |
| 21:17 | Investigar | Scale Barding Armor |
| 21:45 | Construir | Farm |
| 21:50 | Edad | Edad de los Castillos |
| 21:55 | Construir | Town Center |
| 22:08 | Construir | Town Center |
| 22:13 | Investigar | Crossbowman (upgrade) |
| 22:13 | Investigar | Crossbowman (upgrade) |
| 22:14 | Investigar | Bodkin Arrow |
| 22:20 | Investigar | Elite Skirmisher (upgrade) |
| 22:29 | Investigar | Bow Saw |
| 23:00 | Construir | University |
| 23:06 | Crear | Villager (Male) |
| 23:07 | Crear | Villager (Male) |
| 23:12 | Crear | Villager (Male) |
| 23:22 | Crear | Villager (Male) |
| 23:25 | Construir | Farm |
| 23:26 | Construir | Farm |
| 23:46 | Crear | Spearman |
| 23:54 | Crear | Scout Cavalry |
| 23:58 | Construir | Monastery |
| 24:21 | Crear | Villager (Male) |
| 24:21 | Crear | Villager (Male) |
| 24:26 | Investigar | Ballistics |
| 24:26 | Investigar | Ballistics |
| 24:47 | Crear | Monk |
| 24:59 | Investigar | Light Cavalry (upgrade) |
| 25:04 | Construir | Farm |
| 25:04 | Construir | Farm |
| 25:05 | Construir | Farm |
| 25:05 | Construir | Farm |
| 25:10 | Construir | Farm |
| 25:10 | Construir | Farm |
| 25:11 | Construir | Farm |
| 25:14 | Construir | Farm |
| 25:20 | Crear | Villager (Male) |
| 25:20 | Crear | Villager (Male) |
Cronología de la partida
| 5:02 | Schlechter Spieler · wall_segment Palisade Wall x4 |
| 5:11 | Schlechter Spieler · wall_segment Palisade Wall x1 |
| 6:15 | Schlechter Spieler · wall_segment Palisade Wall x5 |
| 6:44 | Schlechter Spieler · wall_segment Palisade Wall x1 |
| 7:16 | Shadyferonia · first_building Barracks |
| 8:05 | Schlechter Spieler · wall_segment Palisade Wall x5 |
| 8:22 | Schlechter Spieler · first_building Barracks |
| 9:08 | Shadyferonia · age_up feudal |
| 9:12 | Shadyferonia · first_building Archery Range |
| 9:23 | Schlechter Spieler · wall_segment Palisade Wall x9 |
| 9:26 | Schlechter Spieler · wall_segment Palisade Wall x1 |
| 10:41 | Schlechter Spieler · age_up feudal |
| 10:44 | Schlechter Spieler · first_building Archery Range |
| 10:51 | Schlechter Spieler · wall_segment Palisade Wall x1 |
| 13:13 | Shadyferonia · wall_segment Palisade Wall x1 |
| 13:15 | Shadyferonia · wall_segment Palisade Wall x4 |
| 13:18 | Shadyferonia · wall_segment Palisade Wall x5 |
| 13:20 | Shadyferonia · wall_segment Palisade Wall x2 |
| 14:14 | Shadyferonia · wall_segment Palisade Wall x3 |
| 16:28 | Shadyferonia · wall_segment Palisade Wall x4 |
| 19:50 | Shadyferonia · age_up castle |
| 20:48 | Schlechter Spieler · first_building Stable |
| 21:50 | Schlechter Spieler · age_up castle |
| 23:58 | Schlechter Spieler · first_building Monastery |
| 29:26 | Shadyferonia · first_building Stable |
| 30:28 | Shadyferonia · first_building Monastery |
| 30:32 | Schlechter Spieler · wall_segment Palisade Wall x10 |
| 31:26 | Shadyferonia · first_building Castle |
| 32:43 | Shadyferonia · first_market_sell 100 wood |
| 33:02 | Shadyferonia · first_building Siege Workshop |
| 34:25 | Shadyferonia · age_up imperial |
| 35:32 | Schlechter Spieler · wall_segment Palisade Wall x1 |
| 35:54 | Schlechter Spieler · wall_segment Palisade Wall x1 |
| 37:47 | Schlechter Spieler · age_up imperial |
| 38:26 | Schlechter Spieler · first_building Castle |
| 41:19 | Schlechter Spieler · first_building Siege Workshop |
| 45:19 | Schlechter Spieler · first_market_buy 100 food |
| 45:22 | Schlechter Spieler · first_market_sell 100 food |
| 58:20 | Schlechter Spieler · resign |
[ ANÁLISIS IA · 1 CRÉDITO ]
¿Qué pasó realmente en esta partida?
Wolo.gg analiza cada decisión: build order, eco, micro, errores típicos por bracket. Análisis personalizado por WhatsApp o Discord en 30 segundos.
Guía civ
Magiares
Guía mapa
Arabia
Perfil
Jugador #744704